 Dungeon Crawl Stone Soup version 0.28-a0-1389-gc726bef33b (webtiles) character file.

Game seed: 9806785685196937230

2149 bande the Chopper (level 9, -2/55 HPs)
             Began as a Gargoyle Fighter on Jan 4, 2022.
             Was an Initiate of Okawaru.
             Slain by a hornet (5 damage)
             ... on level 6 of the Dungeon.
             The game lasted 00:12:04 (6675 turns).

bande the Chopper (Gargoyle Fighter)                Turns: 6675, Time: 00:12:05

Health: -2/55      AC: 22    Str: 17    XL:     9   Next: 31%
Magic:  10/10      EV:  3    Int: 10    God:    Okawaru [......]
Gold:   311        SH:  9    Dex: 11    Spells: 8/8 levels left

rFire   . . .      SeeInvis +   a - +1 war axe
rCold   + + +      Faith    .   e - +0 kite shield
rNeg    + . .      Spirit   .   d - +0 plate armour
rPois   ∞          Reflect  .   (no helmet)
rElec   +          Harm     .   h - +1 cloak of Reff {+Inv rC+++ Regen+ Str-4}
rCorr   .          Rampage  .   g - +0 pair of gloves
Will    .....                   (no boots)
Stlth   ..........              (no amulet)
HPRegen 0.98/turn               i - ring of see invisible
MPRegen 0.12/turn               (no ring)

@: mighty
A: sickness immunity, AC +6, negative energy resistance 1, electricity
resistance, torment resistance 1, petrification resistance
a: Renounce Religion, Evoke Invisibility


You were on level 6 of the Dungeon.
You worshipped Okawaru.
Okawaru was noncommittal.
You visited 2 branches of the dungeon, and saw 8 of its levels.

You collected 311 gold pieces.

Inventory:

Hand Weapons
 a - a +1 war axe (weapon)
 o - a +1 flail of freezing
Armour
 d - a +0 plate armour (worn)
 e - a +0 kite shield (worn)
 g - a +0 pair of gloves (worn)
 h - the +1 cloak of Reff (worn) {+Inv rC+++ Regen+ Str-4}
   (You acquired it on level 3 of the Dungeon)

   Str:       It affects your strength (-4).
   rC:        It renders you almost immune to cold.
   +Inv:      It lets you turn invisible.
   Regen:     It increases your rate of health regeneration.
 j - an orb of mayhem
Jewellery
 i - a ring of see invisible (left hand)
Wands
 k - a wand of iceblast (5)
Scrolls
 c - a scroll of identify
 f - 2 scrolls of enchant armour
 l - a scroll of enchant weapon
 m - 3 scrolls of teleportation
 p - 2 scrolls of magic mapping


   Skills:
 + Level 5.6 Fighting
 + Level 7.0 Axes
 + Level 6.4 Armour
 + Level 5.7 Shields
 * Level 1.8 Invocations
 * Level 4.1 Evocations


You had 8 spell levels left.
You didn't know any spells.
Your spell library contained the following spells:

 Spells                   Type           Power      Damage    Failure   Level
 Pain                     Necr           0%         1d4       100%        1
 Sandblast                Erth           0%         2d4       100%        1
 Passwall                 Tmut/Erth      0%         N/A       100%        2
 Stone Arrow              Conj/Erth      0%         3d7       100%        3
 Alistair's Intoxication  Tmut/Pois      0%         N/A       100%        5
 Iskenderun's Battlesphe  Conj           0%         2d6       100%        5
 Iron Shot                Conj/Erth      0%         9d1       100%        6
 Spellforged Servitor     Conj/Summ      Unusable   N/A       N/A         7

Dungeon Overview and Level Annotations

Branches:
Dungeon (7/15)             Temple (1/1) D:6

Altars:
Gozag
Hepliaklqana
Okawaru
Qazlal
Ru
Vehumet
Xom
Zin

Shops:
D:7 (


Innate Abilities, Weirdness & Mutations

You are immune to sickness and miasma.
Your stone body is resilient. (AC +6)
You are immune to poison.
You resist negative energy. (rN+)
You are resistant to electric shocks. (rElec)
You are resistant to unholy torment.
You are immune to petrification.


Message History

* * * LOW HITPOINT WARNING * * *
The hornet barely misses you.
You hit the hornet.
The hornet is moderately wounded.
You block the hornet's attack. The hornet barely misses you.
You hit the hornet.
The hornet is moderately wounded.
The hornet barely misses you.
The hornet stings you but does no damage.
You closely miss the hornet.
The hornet is moderately wounded.
The hornet stings you but does no damage.
You block the hornet's attack.
You hit the hornet but do no damage.
The hornet is moderately wounded.
You block the hornet's attack.
The hornet stings you but does no damage.
You closely miss the hornet.
The hornet is moderately wounded.
The hornet stings you but does no damage.
You block the hornet's attack.
Your plate armour prevents you from hitting the hornet.
The hornet is moderately wounded.
The hornet stings you but does no damage.
The hornet stings you!
* * * LOW HITPOINT WARNING * * *
You hit the hornet.
The hornet is moderately wounded.
You block the hornet's attack. The hornet stings you.
* * * LOW HITPOINT WARNING * * *
You hit the hornet.
The hornet is heavily wounded.
The hornet stings you but does no damage.
The hornet stings you.
* * * LOW HITPOINT WARNING * * *
You feel very mighty all of a sudden. The hornet stings you.
* * * LOW HITPOINT WARNING * * *
The hornet stings you.
You die...

#.........# #########.#
########### #.## ###.........#
#..# #...#######.# ##.# #.###
#.. #.# #.# ###
#.####.###########
############.y...............
#...........@.....###.##.####
#.##########..##### #.##.# #.#
#..# #.##.#### #.# #..#####
#.##..... #.#
#..#...###.##.#### #.#####
#..#.....(........
##.....######..#....#####.###.
#.......^......##.#.# #.# #.
####.####.#######.##.#.#####.#
#.


You could see a hornet.

Vanquished Creatures
  2 ice beasts (D:5)
  2 black bears (D:5)
  3 necrophages (D:6)
  2 sky beasts
  An ogre (D:6)
  A phantom (D:5)
  A bullfrog (D:6)
  4 killer bees (D:3)
  A howler monkey (D:4)
  7 wights
  A bullfrog zombie (D:5)
  An orc priest (D:4)
  6 hounds
  A jelly (D:6)
  A bullfrog skeleton (D:5)
  Ijyb (D:5)
  2 iguanas
  Natasha (thrice) (D:4)
  An orc wizard (D:3)
  2 howler monkey skeletons
  5 adders
  A white imp (D:6)
  An adder skeleton (D:4)
  3 worms
  3 dart slugs
  14 orcs
  9 ball pythons
  8 endoplasms
  5 giant cockroaches
  2 goblins
  5 hobgoblins
  A quokka (D:1)
  3 bats
  2 frilled lizards
  6 kobolds
  8 rats
119 creatures vanquished.

Vanquished Creatures (others)
  5 fungi (D:1)
  6 plants (D:1)
11 creatures vanquished.

Grand Total: 130 creatures vanquished

Notes
Turn   | Place    | Note
-------+----------+-------------------------------------------
     0 | D:1      | bande the Gargoyle Fighter began the quest for the Orb.
     0 | D:1      | Reached XP level 1. HP: 14/14 MP: 1/1
   227 | D:1      | Reached XP level 2. HP: 16/19 MP: 2/2
   284 | D:1      | Found a faded altar of an unknown god.
   867 | D:1      | Reached skill level 2 in Axes
   916 | D:1      | Got the Papyrus of Mutagenic Unholy Secrets
  1341 | D:2      | Reached XP level 3. HP: 21/24 MP: 3/3
  2242 | D:2      | Reached XP level 4. HP: 29/29 MP: 4/4
  2899 | D:3      | Identified a scroll of acquirement
  2899 | D:3      | Acquired the +1 cloak of Reff {+Inv rC+++ Regen+ Str-4}
  3222 | D:3      | Reached skill level 3 in Axes
  3379 | D:3      | Reached XP level 5. HP: 33/33 MP: 5/5
  3699 | D:3      | Reached XP level 6. HP: 4/38 MP: 6/6
  4224 | D:3      | Reached skill level 1 in Evocations
  4227 | D:3      | Reached skill level 4 in Axes
  4340 | D:4      | Noticed Natasha
  4349 | D:4      | Reached skill level 5 in Armour
  4349 | D:4      | Killed Natasha
  4350 | D:4      | Reached XP level 7. HP: 26/44 MP: 7/7
  4411 | D:4      | Noticed Natasha
  4424 | D:4      | Killed Natasha
  4610 | D:4      | Noticed Natasha
  4625 | D:4      | Killed Natasha
  4833 | D:5      | Entered Level 5 of the Dungeon
  5010 | D:5      | Reached skill level 5 in Axes
  5058 | D:5      | Reached XP level 8. HP: 48/48 MP: 8/8
  5344 | D:5      | Noticed Ijyb
  5357 | D:5      | Reached skill level 5 in Fighting
  5380 | D:5      | Killed Ijyb
  5453 | D:5      | Found an opulent altar of Gozag.
  5545 | D:5      | Reached skill level 6 in Axes
  5643 | D:6      | Reached skill level 5 in Shields
  5859 | D:6      | Found a staircase to the Ecumenical Temple.
  6085 | Temple   | Entered the Ecumenical Temple
  6111 | Temple   | Became a worshipper of Warmaster Okawaru
  6136 | D:6      | Reached XP level 9. HP: 54/54 MP: 9/9
  6159 | D:6      | Reached skill level 1 in Invocations
  6186 | D:6      | Identified the +1 robe of the Pink Corner {Str+6 Dex-2}
  6622 | D:7      | Reached skill level 7 in Axes
  6639 | D:7      | Found Soith's Weapon Shop.
  6643 | D:7      | Noticed a hornet
  6675 | D:6      | Slain by a hornet

Illustrated notes

Levels and vault maps discovered:
D:1:      lemuel_arrival_room, layout_loops_ring,
          shapermc_ecumenical_altar_mp_urbaneastern
D:2:      layout_loops_corners
D:3:      minmay_general_purpose_star, layout_rooms
D:4:      layout_cave_pools, uniq_natasha
D:5:      layout_gridville, nicolae_gozag_seed_capital,
          nicolae_concentric_dashed_squares_mild, kennysheep_generic_room_15,
          uniq_ijyb
D:6:      layout_loops_ring, minmay_temple_entry_ruins,
          nicolae_fountain_basement
D:7:      layout_basic, serial_shops, nicolae_shop_statue_plus
Temple:   compressed_dpeg_circular_temple

Skill      XL: |  1  2  3  4  5  6  7  8  9 |
---------------+----------------------------+-----
Axes           | 2 3 4 5 6 7 |  7.0
Armour         | 4 5 6 |  6.4
Fighting       | 4 5 |  5.6
Evocations     | 1 2 3 4 |  4.1
Shields        | 4 5 |  5.7
Invocations    | 1 |  1.8

Action                   |  1- 3 |  4- 6 |  7- 9 || total
-------------------------+-------+-------+-------++-------
Melee: War axe           |   113 |   187 |   312 ||   612
  Use: Scroll            |     4 |     1 |     4 ||     9
       Potion            |       |     3 |     1 ||     4
Armor: Scale mail        |    60 |   186 |       ||   246
       Plate armour      |       |    29 |   305 ||   334
Dodge: Dodged            |    60 |   135 |    52 ||   247
Block: Buckler           |    32 |    61 |    11 ||   104
       Kite shield       |       |       |   136 ||   136

Table legend: (Time is in decaauts)
 A = Elapsed time spent in this place.
 B = Non-inter-level travel time spent in this place.
 C = Inter-level travel time spent in this place.
 D = Time resting spent in this place.
 E = Time spent auto-exploring this place.
 F = Levels seen in this place.
 G = Mean time per level.
                   A        B        C        D        E       F      G
               +--------+--------+--------+--------+--------+-----+--------+
         Total |   6921 |   6797 |    124 |   1670 |   3558 |   8 |  865.1 |
       Dungeon |   6879 |   6755 |    124 |   1670 |   3558 |   7 |  982.7 |
        Temple |     41 |     41 |      0 |      0 |      0 |   1 |   41.0 |
               +--------+--------+--------+--------+--------+-----+--------+

Top non-repeatable levels by time:
     D:3: 1652 daAuts
     D:1: 1570 daAuts
     D:2: 1170 daAuts
     D:6: 1006 daAuts
     D:5: 833 daAuts
     D:4: 576 daAuts
     D:7: 69 daAuts
  Temple: 41 daAuts
